 Dungeon Crawl Stone Soup version 0.30-a0-760-g5a9884bb7c (webtiles) character file.

Game seed: 13711459525416720138

20179 Dittersdorf the Blocker (level 12, -1/81 HPs)
             Began as a Gargoyle Fighter on Feb 10, 2023.
             Was a High Priest of Okawaru.
             Slain by a polar bear (11 damage)
             ... on level 1 of the Lair of Beasts.
             The game lasted 00:19:53 (13693 turns).

Dittersdorf the Blocker (Gargoyle Fighter)         Turns: 13693, Time: 00:19:54

Health: -1/81      AC: 31    Str: 24    XL:     12   Next: 76%
Magic:  12/12      EV:  8    Int: 10    God:    Okawaru [*****.]
Gold:   1403       SH:  9    Dex: 15    Spells: 3/11 levels left

rFire   + . .      SeeInvis .    r - +3 flail (holy)
rCold   . . .      Faith    .    c - +1 buckler
rNeg    + . .      Spirit   .    z - +2 chain mail {rF+}
rPois   ∞          Reflect  .    h - +0 helmet
rElec   +          Harm     .    (no cloak)
rCorr   .          Rampage  .    y - +0 pair of gloves
Will    .....                    s - +0 pair of boots Stlth
                                 (no amulet)
HPRegen 0.33/turn                k - +4 ring of protection
MPRegen 0.13/turn                t - +6 ring of dexterity

@: studying Shields, very slow
A: sickness immunity, AC +8, negative energy resistance 1, electricity
resistance, torment resistance 1, petrification resistance
a: Renounce Religion, Heroism, Finesse, Duel


You were on level 1 of the Lair of Beasts.
You worshipped Okawaru.
Okawaru was extremely pleased with you.
You visited 3 branches of the dungeon, and saw 13 of its levels.

You collected 1403 gold pieces.

Inventory:

Hand Weapons
 r - a +3 flail of holy wrath (weapon)
Missiles
 g - 2 throwing nets
 D - 4 curare-tipped darts (quivered)
Armour
 c - a +1 buckler (worn)
 h - a +0 helmet (worn)
 s - a +0 pair of boots (worn)
 y - a +0 pair of gloves (worn)
 z - a +2 chain mail of fire resistance (worn)
Jewellery
 k - a +4 ring of protection (left hand)
 t - a +6 ring of dexterity (right hand)
 x - a ring of fire
 B - a ring of ice
 C - a ring of flight
Wands
 v - a wand of roots (18)
Scrolls
 i - 2 scrolls of enchant armour
 j - 7 scrolls of teleportation
 o - 2 scrolls of enchant weapon
 w - 2 scrolls of identify
 A - a scroll of fear
 F - a scroll of silence
Potions
 a - 5 potions of degeneration {unknown}
 b - a potion of invisibility
 d - 2 potions of might
 e - a potion of heal wounds {unknown}
 f - 5 potions of curing
 l - 4 potions of haste
 m - 2 potions of ambrosia
 n - 8 potions of brilliance
 p - 5 potions of flight
 q - 3 potions of resistance
 u - 5 potions of mutation


   Skills:
 + Level 11.9 Fighting
 + Level 10.7 Maces & Flails
 + Level 12.0 Armour
 + Level 13.8 Shields


You had 3 spell levels left.
You knew the following spells:

 Your Spells              Type           Power      Damage    Failure   Level
a - Lehudib's Crystal Sp  Conj/Erth      0%         10d2      100%        8

Your spell library contained the following spells:

 Spells                   Type           Power      Damage    Failure   Level
 Necrotise                Necr           0%         1d4       91%         1
 Ensorcelled Hibernation  Hex/Ice        0%         N/A       97%         2
 Passwall                 Tmut/Erth      0%         N/A       97%         2
 Wereblood                Tmut           0%         N/A       97%         2
 Ignite Poison            Fire/Tmut/Pois 0%         N/A       99%         3
 Kindle Blastsparks       Fire/Tloc/Air  0%         2d10      99%         3
 Ozocubu's Armour         Ice            0%         N/A       99%         3
 Stone Arrow              Conj/Erth      0%         3d7       99%         3
 Swiftness                Air            0%         N/A       99%         3
 Vampiric Draining        Necr           0%         2d6       99%         3
 Passage of Golubria      Tloc           0%         N/A       100%        4
 Agony                    Necr           0%         N/A       100%        5
 Alistair's Intoxication  Tmut/Pois      0%         N/A       100%        5
 Borgnjor's Vile Clutch   Necr/Erth      0%         N/A       100%        5
 Freezing Cloud           Conj/Ice/Air   0%         6-21      100%        5
 Yara's Violent Unravell  Hex/Tmut       0%         3d3       100%        5
 Eringya's Noxious Bog    Tmut/Pois      0%         N/A       100%        6
 Ozocubu's Refrigeration  Ice            0%         4d7       100%        7
 Sublimation of Blood     Necr           Unusable   N/A       N/A         2
 Tukima's Dance           Hex            Unusable   N/A       N/A         3
 Animate Armour           Summ/Erth      Unusable   N/A       N/A         4
 Summon Hydra             Summ           Unusable   N/A       N/A         7

Dungeon Overview and Level Annotations

Branches:
Dungeon (11/15)            Temple (1/1) D:4            Lair (1/5) D:11
    Orc (0/2) D:11

Altars:
Ashenzari
Cheibriados
Dithmenos
Elyvilon
Fedhas
Gozag
Hepliaklqana
Kikubaaqudgha
Makhleb
Nemelex Xobeh
Okawaru
Qazlal
Ru
Sif Muna
Trog
Uskayaw
Vehumet
Wu Jian
Xom
Yredelemnul
Zin
The Shining One

Shops:
D:2 :([?   D:3 (   D:6 (*?   D:8 :

Annotations:
D:6 3 runed translucent doors, retardedninja's ghost, novice HOFi; sircluck's ghost, novice HOFi


Innate Abilities, Weirdness & Mutations

You are immune to sickness and miasma.
Your stone body is resilient. (AC +8)
You are immune to poison.
You resist negative energy. (rN+)
You are resistant to electric shocks. (rElec)
You are resistant to unholy torment.
You are immune to petrification.


Message History

You are too injured to fight recklessly!
You are too injured to fight recklessly!
You are too injured to fight recklessly!
You are too injured to fight recklessly!
You are too injured to fight recklessly!
You are too injured to fight recklessly!
You are too injured to fight recklessly!
You are too injured to fight recklessly!
You are too injured to fight recklessly!
You are too injured to fight recklessly!
You are too injured to fight recklessly!
You are too injured to fight recklessly!
You are too injured to fight recklessly!
You are too injured to fight recklessly!
You are too injured to fight recklessly!
The polar bear attacks as you move away!
The polar bear bites you but does no damage.
The polar bear claws you but does no damage. x2
The komodo dragon bites you!
* * * LOW HITPOINT WARNING * * *
The polar bear bites you but does no damage.
The polar bear claws you but does no damage.
You block the polar bear's attack.
The komodo dragon attacks as you move away!
You block the komodo dragon's attack. You block the polar bear's attack. x3
You enter the shallow water.
Moving in this stuff is going to be slow.
The polar bear rages.
The polar bear attacks as you move away!
The polar bear bites you!
* * * LOW HITPOINT WARNING * * *
The polar bear claws you but does no damage.
The polar bear closely misses you. The polar bear bites you.
* * * LOW HITPOINT WARNING * * *
The polar bear claws you but does no damage.
The polar bear claws you.
* * * LOW HITPOINT WARNING * * *
The polar bear bites you!
You die...

.........
~~~~♣~♣♣##......
♣~≈~~~~♣~.....#
~≈≈≈~~~~♣....## P
~≈≈≈≈≈≈≈~~♣♣....# ### ~
P~≈≈≈≈≈≈~~♣♣..###
..#♣P♣~≈≈≈≈≈≈≈≈~♣♣..####
...♣♣~≈≈≈≈≈≈≈≈≈~♣♣l....#
...♣♣~≈≈≈≈≈≈≈≈~~@hl..###
...♣~~≈≈≈≈≈≈≈≈≈~♣♣##.#
...♣~~≈≈≈≈≈≈≈≈~~~~♣###
.P.~♣~~≈≈≈≈≈≈≈♣~♣♣#
...~~~~~≈≈≈≈≈~P~~~#
..#~♣~~~≈≈≈≈≈~~~♣##
##.#♣~~~~≈≈≈~~~♣~#
#.#~♣~~~~~~~♣~~~#
#†#~♣~~~~~♣~~~~~#


You could see a polar bear (berserk) and 2 komodo dragons.

Vanquished Creatures
  Gastronok (D:8)
  Josephine (D:10)
  Fannar (D:10)
  A tengu warrior (D:11)
  Sonja (D:11)
  A skyshark (Lair:1)
  A skeletal warrior (D:11)
  Lodul (D:11)
  2 manticores (D:11)
  2 cyclopes
  Joseph (D:7)
  A cane toad (Lair:1)
  A torpor snail (Lair:1)
  An unseen horror (D:10)
  3 polar bears (Lair:1)
  A troll (D:11)
  2 hornets
  Grinder (D:6)
  5 blink frogs (Lair:1)
  A shadow (D:11)
  A vampire (D:7)
  22 yaks
  4 wraiths (D:10)
  A wyvern (D:9)
  A basilisk (D:9)
  Menkaure (D:6)
  Eustachio (D:5)
  5 vampire mosquitoes
  5 water moccasins
  An acid dragon (D:8)
  4 sky beasts
  An ice beast (D:5)
  2 orc warriors
  7 centaurs
  11 ogres
  2 phantoms
  A kobold brigand (D:10)
  2 bullfrogs
  3 scorpions
  A necrophage (D:4)
  10 wights
  8 killer bees
  4 howler monkeys
  An electric eel (Lair:1)
  2 hounds
  2 orc priests
  A jelly (Temple)
  A gnoll bouda (D:7)
  3 iguanas
  4 orc wizards
  Robin (D:3)
  9 gnolls
  6 adders
  3 worms
  A dart slug (D:2)
  36 orcs
  7 ball pythons
  10 bats
  7 endoplasms
  5 giant cockroaches
  13 goblins
  8 hobgoblins
  6 jackals
  16 kobolds
  5 quokkas
  A frilled lizard (D:3)
  3 rats
278 creatures vanquished.

Vanquished Creatures (others)
  2 fungi (Lair:1)
  100 plants
102 creatures vanquished.

Grand Total: 380 creatures vanquished

Notes
Turn   | Place    | Note
-------+----------+-------------------------------------------
     0 | D:1      | Dittersdorf the Gargoyle Fighter began the quest for the
                  | Orb.
     0 | D:1      | Reached XP level 1. HP: 14/14 MP: 1/1
   126 | D:1      | Reached XP level 2. HP: 16/19 MP: 2/2
   778 | D:1      | Reached XP level 3. HP: 23/23 MP: 3/3
   792 | D:1      | Found a faded altar of an unknown god.
   913 | D:2      | Found Wireoj's Weapon Shop.
  1045 | D:2      | Found Syprach's Armour Emporium.
  1227 | D:2      | Found Ummonofioh's Book Boutique.
  1273 | D:2      | Reached XP level 4. HP: 26/29 MP: 4/4
  1482 | D:2      | Found Veagi's Magic Scroll Emporium.
  1833 | D:3      | Identified the +8 quarterstaff "Ujen Wod" {antimagic, rC+
                  | Str+2}
  1858 | D:3      | Reached skill level 4 in Shields
  2085 | D:3      | Reached XP level 5. HP: 33/33 MP: 5/5
  2097 | D:3      | Noticed Robin
  2105 | D:3      | Killed Robin
  2425 | D:3      | Found Suros's Antique Weapon Emporium.
  2740 | D:4      | Noticed an ogre
  2749 | D:4      | Killed an ogre
  2750 | D:4      | Reached XP level 6. HP: 6/39 MP: 6/6
  3181 | D:4      | Found a staircase to the Ecumenical Temple.
  3190 | Temple   | Entered the Ecumenical Temple
  3510 | Temple   | Became a worshipper of Warmaster Okawaru
  3759 | D:4      | Found a glowing golden altar of the Shining One.
  3792 | D:4      | Reached skill level 5 in Armour
  3968 | D:4      | Reached skill level 5 in Fighting
  3968 | D:4      | Reached skill level 5 in Shields
  3968 | D:4      | Reached XP level 7. HP: 44/44 MP: 7/7
  4307 | D:4      | HP: 2/44 [ogre/+0 giant club (2)]
  4308 | D:4      | Reached * piety under Okawaru
  4681 | D:5      | Entered Level 5 of the Dungeon
  4681 | D:5      | Noticed Eustachio
  4703 | D:5      | Killed Eustachio
  4704 | D:5      | Reached XP level 8. HP: 25/51 MP: 8/8
  4927 | D:5      | You fall into a shaft and drop 3 floors!
  4969 | D:7      | Reached skill level 6 in Shields
  5078 | D:7      | Noticed a cyclops
  5097 | D:7      | Reached skill level 5 in Maces & Flails
  5103 | D:7      | Killed a cyclops
  5103 | D:7      | Reached ** piety under Okawaru
  5352 | D:7      | Reached XP level 9. HP: 36/56 MP: 9/9
  5455 | D:7      | Reached skill level 7 in Shields
  5502 | D:7      | Reached *** piety under Okawaru
  5738 | D:6      | Found Sirr's Magic Scroll Emporium.
  5751 | D:6      | Noticed Grinder
  5759 | D:6      | Killed Grinder
  5963 | D:5      | Reached **** piety under Okawaru
  6450 | D:6      | Found a runed translucent gate.
  6450 | D:6      | Found a runed translucent gate.
  6450 | D:6      | Found a runed translucent gate.
  6450 | D:6      | Noticed retardedninja's ghost (novice HOFi)
  6451 | D:6      | Noticed sircluck's ghost (novice HOFi)
  6485 | D:6      | Reached skill level 8 in Shields
  6526 | D:6      | Found Pimmop's Weapon Shop.
  6580 | D:6      | Learned a level 8 spell: Lehudib's Crystal Spear
  6598 | D:6      | Noticed Menkaure
  6601 | D:6      | Killed Menkaure
  6908 | D:6      | Found Juot's General Store.
  6938 | D:6      | Found a white marble altar of Elyvilon.
  7013 | D:7      | Noticed Joseph
  7105 | D:7      | Killed Joseph
  7106 | D:7      | Reached XP level 10. HP: 58/65 MP: 10/10
  7259 | D:7      | Found a shimmering blue altar of Sif Muna.
  7337 | D:7      | Received a gift from Okawaru
  7460 | D:7      | Found the +8 mithril axe "Arga" {speed, Will+}
  7930 | D:8      | Noticed Gastronok
  8063 | D:8      | Killed Gastronok
  8063 | D:8      | Reached ***** piety under Okawaru
  8063 | D:8      | Received a gift from Okawaru
  8064 | D:8      | Reached skill level 9 in Shields
  8527 | D:8      | Identified the +2 ring mail "Caidiz" {Harm Drain rF+++
                  | Str-5}
  8693 | D:8      | Found Quhomeos's Book Shoppe.
  8776 | D:8      | Received a gift from Okawaru
  9001 | D:9      | Found a glowing silver altar of Zin.
  9001 | D:9      | Found a hazy altar of Hepliaklqana.
  9044 | D:9      | Reached XP level 11. HP: 70/71 MP: 11/11
  9049 | D:9      | Identified a scroll of acquirement
  9049 | D:9      | Acquired a manual of Shields
  9423 | D:10     | Entered Level 10 of the Dungeon
  9669 | D:10     | Reached skill level 10 in Shields
  9759 | D:10     | Found a broken altar of Ashenzari.
  9805 | D:10     | Reached skill level 10 in Armour
  9866 | D:10     | Noticed Josephine
  9885 | D:10     | Killed Josephine
  9886 | D:10     | Reached skill level 10 in Fighting
  9898 | D:10     | Identified the +0 ring mail "Coohaxzu" {rPois Dex+6}
                  | (Okawaru gifted it to you on level 10 of the Dungeon)
  9898 | D:10     | Received a gift from Okawaru
 10039 | D:10     | Found a shadowy altar of Dithmenos.
 10042 | D:10     | Found an ornate altar of the Wu Jian Council.
 10047 | D:10     | Found a shimmering altar of Xom.
 10176 | D:10     | Reached skill level 11 in Shields
 10873 | D:11     | Noticed Fannar
 10904 | D:10     | Killed Fannar
 11018 | D:11     | Found a white marble altar of Elyvilon.
 11104 | D:11     | Found a staircase to the Orcish Mines.
 11301 | D:11     | Noticed a skeletal warrior
 11329 | D:11     | Killed a skeletal warrior
 11496 | D:11     | Reached skill level 12 in Shields
 11546 | D:11     | Noticed a tengu warrior
 11567 | D:11     | Killed a tengu warrior
 11568 | D:11     | Reached XP level 12. HP: 27/80 MP: 10/12
 11596 | D:11     | Noticed Lodul
 11631 | D:11     | Killed Lodul
 11637 | D:11     | Reached skill level 10 in Maces & Flails
 12140 | D:11     | Noticed Sonja
 12189 | D:11     | Killed Sonja
 12406 | D:11     | Found a staircase to the Lair.
 12804 | Lair:1   | Entered Level 1 of the Lair of Beasts
 12850 | Lair:1   | Reached skill level 13 in Shields
 12871 | Lair:1   | Received a gift from Okawaru
 13693 | Lair:1   | Slain by a polar bear

Illustrated notes

Levels and vault maps discovered:
D:1:      minmay_arrival_wavy_path, layout_loops_ring,
          hellmonk_ecumenical_altar_defaced_shrine, serial_rivers,
          chequers_serial_rivers_large_a, chequers_serial_rivers_micro_a,
          chequers_serial_rivers_marsh, chequers_serial_rivers_micro_c,
          chequers_serial_rivers_micro_b, hangedman_decor_points
D:2:      layout_basic, serial_shops, nicolae_shop_stone, nicolae_shop_stone,
          shop, nicolae_shop_hallway_stairs
D:3:      cheibrodos_helix_gallery, layout_basic, serial_shops, shop_statue,
          uniq_robin
D:4:      layout_loops_ring, tso_oasis_becter, minmay_temple_entry_mini_moons
D:5:      layout_loops_ring, saegor_snake_ambush, uniq_eustachio
D:6:      layout_basic, kennysheep_mini, gammafunk_ghost_cemetery, serial_shops,
          nicolae_shop_bloodbath_and_beyond, nicolae_lakefront_shop, shop,
          minmay_strange_pillars, st_stairs_11, uniq_menkaure, uniq_grinder
D:7:      layout_basic, lemuel_crystal_altar, minivault_10,
          kennysheep_generic_room_6, uniq_joseph
D:8:      layout_cave_pools, serial_shops, shop, uniq_gastronok
D:9:      layout_basic, gammafunk_temple_overflow_pools
D:10:     layout_roguey, ashenzari_altar_1, grunt_temple_overflow_diamond,
          uniq_josephine
D:11:     kennysheep_blocky_room, layout_loops_ring, orc_0_dummy,
          elyvilon_altar_5, uniq_lodul, uniq_fannar, uniq_sonja
Temple:   oiseaux_autumnal_temple
Lair:1:   layout_cave_shapes, serial_bayou, serial_bayou_ford_a,
          serial_bayou_lake_a, serial_bayou_pond_a, serial_bayou_lagoon_a,
          cheibrodos_lair_lostbears, infiniplex_staircase_pool_2,
          serial_bayou_shore_b

Skill      XL: |  1  2  3  4  5  6  7  8  9 10 11 12 |
---------------+-------------------------------------+-----
Armour         | 4 5 7 8 9 11 12 | 12.0
Fighting       | 4 5 6 8 9 11 | 11.9
Shields        | 4 5 6 8 9 12 13 | 13.8
Maces & Flails | 3 4 5 7 8 9 10 | 10.7

Action                     |  1- 3 |  4- 6 |  7- 9 | 10-12 || total
---------------------------+-------+-------+-------+-------++-------
  Melee: Flail             |   121 |   182 |   332 |   797 ||  1432
  Throw: Dart              |       |     4 |    15 |    44 ||    63
         Throwing net      |       |       |       |     1 ||     1
 Invoke: Heroism           |       |       |       |     8 ||     8
    Use: Scroll            |       |    13 |     3 |     8 ||    24
 Armour: Scale mail        |    64 |    20 |       |       ||    84
         Chain mail        |       |    82 |   212 |   416 ||   710
         Plate armour      |       |       |    34 |   183 ||   217
  Dodge: Dodged            |    76 |    77 |    89 |   294 ||   536
  Block: Buckler           |    25 |    46 |   106 |   338 ||   515

Table legend: (Time is in decaauts)
 A = Elapsed time spent in this place.
 B = Non-inter-level travel time spent in this place.
 C = Inter-level travel time spent in this place.
 D = Time resting spent in this place.
 E = Time spent auto-exploring this place.
 F = Levels seen in this place.
 G = Mean time per level.
                   A        B        C        D        E       F      G
               +--------+--------+--------+--------+--------+-----+--------+
         Total |  13907 |  13298 |    609 |   2725 |   7448 |  13 | 1069.8 |
       Dungeon |  12627 |  12113 |    514 |   2401 |   6916 |  11 | 1147.9 |
        Temple |    377 |    283 |     94 |     36 |    227 |   1 |  377.0 |
          Lair |    902 |    902 |      0 |    288 |    304 |   1 |  902.0 |
               +--------+--------+--------+--------+--------+-----+--------+

Top non-repeatable levels by time:
     D:7: 1869 daAuts
    D:11: 1757 daAuts
    D:10: 1470 daAuts
     D:4: 1468 daAuts
     D:3: 1067 daAuts
     D:1: 980 daAuts
     D:2: 940 daAuts
  Lair:1: 902 daAuts
     D:5: 873 daAuts
     D:6: 802 daAuts
     D:9: 725 daAuts
     D:8: 673 daAuts
  Temple: 377 daAuts
